Map: 포트 알렉산더 - 래더

Players

Hurricane

  • Race: Protoss Protoss
  • Spawn Location: 5:00

PartinG - Winner!

  • Race: Protoss Protoss
  • Spawn Location: 11:00

Event: IEM Season 13: Katowice (2019)

VOD

Have the link to the VOD?

Description

Time

  • Played on: Feb. 26, 2019, 7:16 a.m.
  • Length: 13:51

All games in this series

Show
View Real Time Build Order
Export as new Build Order

Hurricane Protoss 

Build Orders: Blink Stalkers 

Get SALT Encoding   

  12  0:01  Probe  
  13  0:13  Probe  
  14  0:19  Pylon  
  14  0:25  Probe  
  15  0:33  Probe  
  15  0:38  Gateway  
  15  0:41  Probe  
  16  0:48  Assimilator  
  17  0:51  Probe  
  17  0:57  Assimilator  
  18  1:00  Probe  
  19  1:08  Probe  
  19  1:13  Gateway  
  20  1:18  Probe  
  21  1:26  Cybernetics Core  
  21  1:30  Probe  
  22  1:42  Probe  
  22  1:44  Pylon  
  23  2:02  Warp Gate, Probe, Stalker x2  
  28  2:13  Pylon  
  28  2:32  Stalker x2  
  32  2:42  Probe  
  33  2:44  Shield Battery  
  33  2:52  Robotics Facility  
  33  2:59  Stargate  
  33  3:04  Stalker  
  35  3:09  Stalker  
  37  3:21  Probe  
  37  3:25  Gateway  
  38  3:32  Twilight Council  
  38  3:36  Probe  
  39  3:53  Blink  
  39  3:56  Pylon  
  33  4:04  Stalker x2  
  35  4:12  Probe  
  36  4:28  Nexus  
  36  4:33  Probe  
  36  4:35  Sentry x2  
  41  4:42  Stalker  
  44  4:50  Probe  
  44  4:58  Robotics Facility  
  42  5:03  Probe  
  43  5:08  Stalker  
  45  5:15  Probe  
  45  5:18  Pylon  
  46  5:23  Phoenix  
  46  5:29  Probe  
  46  5:34  Forge  
  47  5:39  Probe  
  47  5:41  Probe  
  49  5:47  Probe, Observer  
  50  5:53  Probe  
  50  5:56  Probe  
  52  5:57  Stalker  
  55  6:05  Probe  
  55  6:07  Stalker  
  55  6:08  Probe  
  55  6:10  Protoss Ground Weapons Level 1  
  59  6:17  Immortal, Probe  
  64  6:20  Probe  
  65  6:25  Pylon  
  65  6:32  Gateway x2  
  65  6:44  Assimilator  
  65  6:48  Shield Battery  
  65  6:50  Shield Battery  
  65  6:52  Photon Cannon  
  65  6:57  Stalker x2  
  65  6:58  Stalker  
  71  7:06  Immortal  
  71  7:21  Adept  
  71  7:22  Adept, Zealot  
  73  7:31  Stalker x2, Protoss Ground Weapons Level 2  
  73  7:34  Assimilator  
  73  7:47  Immortal, Probe  
  73  7:49  Charge  
  73  7:50  Pylon  
  73  7:51  Pylon  
  78  7:55  Pylon  
  78  8:14  Gateway  
  76  8:25  Templar Archives  
  76  8:29  Warp Prism  
  78  8:38  Nexus  
  77  8:57  Stalker x2  
  81  9:11  High Templar x2  
  85  9:20  Zealot x3, Archon  
  91  9:25  Pylon  
  91  9:34  Gateway, Pylon  
  91  9:37  Zealot  
  93  9:46  Zealot x3, High Templar x2  
  93  9:50  Archon  
  81  10:06  Zealot  
  79  10:10  Zealot x3  
  75  10:21  High Templar x2  
  77  10:25  Archon  
  69  10:28  Zealot x5  
  69  10:31  Immortal  
  69  10:35  Pylon  
  83  10:44  Pylon  
  83  10:46  High Templar x2  
  83  10:47  Sentry  
  89  10:50  Zealot, Archon  
  89  10:51  Zealot  
  93  11:03  Zealot x2  
  79  11:12  Zealot x3  
  79  11:14  Immortal  
  79  11:21  High Templar x2  
  87  11:26  Archon  
  87  11:32  Shield Battery  
  87  11:33  Zealot  
  89  11:46  High Templar  
  91  11:48  Zealot x2, High Templar  
  91  11:53  Archon  
  97  11:54  Zealot x2  
  101  12:03  Zealot  
  101  12:27  High Templar  
  101  12:28  Zealot x4, High Templar  
  111  12:30  Zealot  
  111  12:32  Archon  
  113  12:50  Nexus  
  113  12:53  Pylon  
  113  12:56  Zealot x3  
  117  13:03  Pylon  
  117  13:04  Pylon  
  117  13:15  High Templar x4  
  117  13:19  Pylon  
  125  13:20  Archon x2  
  125  13:24  Zealot x3  
  117  13:46  Zealot x3  
Show
View Real Time Build Order
Export as new Build Order

PartinG Protoss - Winner!

Build Orders: Oracle Opening 

Get SALT Encoding   

  12  0:00  Probe  
  13  0:12  Probe  
  14  0:18  Pylon  
  14  0:24  Probe  
  15  0:33  Probe  
  15  0:39  Gateway  
  15  0:41  Probe  
  16  0:47  Assimilator  
  17  0:50  Probe  
  17  0:56  Assimilator  
  18  0:58  Probe  
  19  1:07  Probe  
  20  1:12  Gateway  
  20  1:17  Probe  
  21  1:26  Cybernetics Core  
  21  1:30  Probe  
  22  1:40  Pylon  
  22  1:42  Probe  
  23  2:02  Stargate  
  23  2:05  Stalker  
  25  2:08  Warp Gate  
  25  2:10  Probe  
  26  2:17  Stalker  
  29  2:35  Oracle  
  29  2:36  Pylon  
  30  3:02  Nexus  
  30  3:05  Probe  
  31  3:06  Oracle  
  34  3:25  Probe  
  35  3:37  Pylon, Robotics Facility  
  35  3:43  Shield Battery  
  35  3:45  Probe  
  36  4:01  Probe  
  35  4:07  Shield Battery  
  35  4:13  Stalker x2  
  35  4:14  Probe  
  35  4:16  Probe  
  41  4:21  Immortal  
  41  4:33  Probe  
  41  4:36  Probe  
  47  4:40  Twilight Council  
  47  4:45  Probe  
  47  4:47  Sentry  
  47  4:49  Probe  
  51  4:59  Gateway  
  51  5:02  Probe x2, Blink  
  51  5:03  Observer  
  51  5:06  Pylon  
  54  5:10  Pylon  
  54  5:13  Assimilator  
  54  5:20  Assimilator  
  54  5:24  Probe x2  
  54  5:26  Pylon, Warp Prism  
  58  5:39  Probe  
  58  5:41  Probe  
  60  5:52  Probe  
  60  5:53  Immortal, Probe  
  62  6:00  Gateway  
  62  6:03  Gateway  
  66  6:09  Probe x2  
  68  6:12  Sentry x2  
  68  6:17  Stalker  
  74  6:23  Gateway  
  73  6:29  Pylon  
  73  6:32  Gateway  
  73  6:34  Forge  
  73  6:39  Stalker  
  75  6:45  Stalker  
  77  6:47  Stalker  
  77  6:50  Probe  
  80  6:56  Warp Prism  
  80  7:01  Stalker  
  82  7:09  Stalker x2  
  82  7:15  Protoss Ground Weapons Level 1  
  86  7:17  Pylon  
  86  7:18  Pylon  
  86  7:20  Charge  
  86  7:36  Immortal  
  82  7:51  Templar Archives  
  86  8:00  Nexus  
  86  8:02  Pylon  
  86  8:08  Zealot  
  86  8:09  Zealot x3  
  94  8:16  Zealot x2  
  96  8:21  Zealot  
  98  8:27  Probe x2  
  100  8:34  High Templar x3  
  100  8:35  High Templar  
  100  8:39  Archon x2  
  108  8:48  Protoss Ground Weapons Level 2  
  108  8:52  Zealot  
  110  8:58  Pylon  
  110  8:59  Pylon  
  110  9:00  Pylon  
  110  9:01  Pylon  
  108  9:14  High Templar  
  108  9:15  Zealot x4, High Templar  
  120  9:20  Archon  
  117  9:26  Zealot  
  117  9:30  Observer  
  120  9:37  Zealot x4  
  128  9:39  Probe  
  128  9:40  Probe x2  
  128  9:45  Photon Cannon  
  115  10:04  Zealot x6  
  113  10:10  Zealot  
  105  10:16  Immortal  
  105  10:28  Zealot x5  
  105  10:32  High Templar x2  
  109  10:36  Archon  
  109  10:49  High Templar x4  
  117  10:50  Zealot  
  117  10:53  Archon x2  
  119  10:57  Gateway  
  119  10:59  Gateway  
  97  11:16  Zealot x3  
  97  11:20  Zealot x2  
  97  11:21  High Templar x2  
  97  11:25  Immortal  
  105  11:26  Archon  
  109  11:34  Probe x3  
  109  11:35  Assimilator  
  109  11:36  Assimilator  
  112  11:40  Zealot  
  112  11:41  Zealot x4  
  112  11:44  Observer  
  122  11:50  Probe x3  
  117  11:56  High Templar x2  
  117  11:59  Zealot x2, Warp Prism  
  117  12:00  Archon  
  123  12:06  Zealot x2  
  129  12:20  Zealot x4  
  137  12:30  Zealot x4  
  145  12:39  Zealot  
  145  12:43  High Templar x4  
  153  12:48  Archon x2  
  153  13:00  High Templar x2  
  153  13:03  Pylon  
  153  13:04  Archon  
  153  13:05  Pylon x2  
  155  13:24  Pylon  
  155  13:25  Pylon  
  155  13:29  Zealot x3, High Templar x2  
  155  13:30  Zealot x2  
  169  13:35  Archon  
  169  13:37  Zealot  
  169  13:38  Zealot  

Tags
 
Add a new tag
Caveats
  • Supply blocks, unpowered buildings, or Contaminate may cause inaccurate times.
  • Supply counts are checked every 10 seconds.